 Dungeon Crawl Stone Soup version 0.23-b1-49-g13d5857 (webtiles) character file.

Game seed: 7957385874000910979

114 Kairos the Skirmisher (level 4, -2/24 HPs)
             Began as a Vine Stalker Fighter on Feb 3, 2019.
             Splashed by a jelly's acid (5 damage)
             ... on level 2 of the Dungeon.
             The game lasted 00:01:21 (1198 turns).

Kairos the Skirmisher (Vine Stalker Fighter)        Turns: 1198, Time: 00:01:21

Health: -2/24      AC:  2    Str: 20    XL:     4   Next: 97%
Magic:  0/5        EV:  7    Int:  8    God:
Gold:   57         SH:  9    Dex: 13    Spells: 3/3 levels left

rFire    . . .     SeeInvis .   a - +0 war axe
rCold    . . .     Gourm    .   c - +0 shield
rNeg     . . .     Faith    .   b - +0 scale mail
rPois    .         Spirit   +   (no helmet)
rElec    .         Reflect  .   (no cloak)
rCorr    .         Harm     +   (no gloves)
MR       .....                  (no boots)
Stlth    ..........             k - amulet of harm
HPRegen  0.48/turn              e - ring of attention (curse)
MPRegen  0.09/turn              (no ring)

@: corroded
A: fangs 2, regeneration 1, magic shield, antimagic bite, no potion heal 3, rot
immunity
a: no special abilities


You were on level 2 of the Dungeon.
You were hungry.

You visited 1 branch of the dungeon, and saw 2 of its levels.

You collected 57 gold pieces.

Inventory:

Hand Weapons
 a - a +0 war axe (weapon)
Armour
 b - a +0 scale mail (worn)
 c - a +0 shield (worn)
Jewellery
 e - a cursed ring of attention (left hand)
 k - an amulet of harm (around neck)
Scrolls
 h - 2 scrolls of identify
 i - a scroll of teleportation
 m - a scroll of enchant weapon {unknown}
Potions
 d - a potion of might
 g - 3 potions of mutation {unknown}
 j - a potion of heal wounds {unknown}
 l - a potion of haste {unknown}
Comestibles
 f - a ration


   Skills:
 + Level 3.3 Fighting
 + Level 3.0 Axes
 + Level 2.9 Armour
 + Level 0.6 Stealth
 + Level 3.2 Shields


You had 3 spell levels left.
You didn't know any spells.
Your spell library was empty.

Dungeon Overview and Level Annotations

Branches:
Dungeon (2/15)

Altars:


Innate Abilities, Weirdness & Mutations

You have extremely sharp teeth.
Your natural rate of healing is unusually fast.
When hurt, damage is shared between your health and your magic reserves.
Your bite disrupts and absorbs the magic of your enemies.
Potions cannot restore your health.
You are immune to rotting.


Message History

You see here a stone.
You see here a +2 vampiric dagger.
HP restored.
The jelly quivers.
The jelly is too close now for your liking.
There is an open door here.
The jelly hits you.
You are splashed with acid!
You slash the jelly!
Your hands burn!
You bite the jelly, but do no damage.
The jelly is heavily wounded.
The jelly hits you. The acid corrodes you!
You are splashed with acid!
* * * LOW HITPOINT WARNING * * *
You block the jelly's attack.
You are too injured to fight recklessly!
You are too injured to fight recklessly!
You hit the jelly but do no damage.
Your hands burn!
* * * LOW HITPOINT WARNING * * *
The jelly is heavily wounded.
The jelly closely misses you.
You hit the jelly.
Your hands burn!
You die...

########
##########..÷...#
#####......##'.@J...#
##.##.......#.#÷...÷.#
...').......#.#.....÷#
#..)).......#)#÷.....#
##.'...(..#'#.#÷.PP..#
##.##.....#.#.#......#
######....#.#(#..P...#
# #######(##...÷.$# #
###


You could see a jelly.

Vanquished Creatures
  A jelly (D:2)
  A gnoll (D:1)
  9 oozes
  A dart slug (D:1)
  3 leopard geckos
  5 goblins
  A hobgoblin (D:1)
  3 bats
  A frilled lizard (D:1)
  7 kobolds (D:2)
  3 rats
35 creatures vanquished.

Vanquished Creatures (others)
  4 fungi (D:2)
  9 toadstools (D:2)
13 creatures vanquished.

Grand Total: 48 creatures vanquished

Notes
Turn   | Place    | Note
-------+----------+-------------------------------------------
     0 | D:1      | Kairos the Vine Stalker Fighter began the quest for the
                  | Orb.
     0 | D:1      | Reached XP level 1. HP: 11/11 MP: 2/2
    29 | D:1      | Reached XP level 2. HP: 13/16 MP: 1/3
   140 | D:1      | Reached XP level 3. HP: 7/20 MP: 1/4
  1154 | D:2      | Gained mutation: Your natural rate of healing is unusually
                  | fast. [Vine Stalker growth]
  1154 | D:2      | Reached XP level 4. HP: 23/24 MP: 5/5
  1198 | D:2      | Splashed by a jelly's acid

Skill      XL: |  1  2  3  4 |
---------------+-------------+-----
Fighting       | 3 |  3.3
Axes           | 2 3 |  3.0
Shields        | 3 |  3.2
Armour         | |  2.9
Stealth        | |  0.6

Action                   |  1- 3 |  4- 6 || total
-------------------------+-------+-------++-------
Melee: War axe           |    56 |    18 ||    74
       Bite              |    16 |     8 ||    24
  Use: Scroll            |     1 |       ||     1
Armor: Scale mail        |    25 |     4 ||    29
Dodge: Dodged            |    23 |     5 ||    28
Block: Shield            |    35 |     8 ||    43
